 Dungeon Crawl Stone Soup version 0.25-a0-589-g1e14c549ee (webtiles) character file.

Game seed: 2171657542269711190, levelgen mode: deterministic

1117 Eurus the Conjurer (level 8, -1/52 HPs)
             Began as a Mummy Conjurer on Mar 10, 2020.
             Was an Initiate of Ashenzari.
             Slain by Prince Ribbit (8 damage)
             ... on level 6 of the Dungeon.
             The game lasted 00:13:48 (6943 turns).

Eurus the Conjurer (Mummy Conjurer)                 Turns: 6943, Time: 00:13:48

Health: -1/52      AC:  4    Str: 12    XL:     8   Next: 12%
Magic:  15/17      EV: 12    Int: 18    God:    Ashenzari [......]
Gold:   232        SH:  0    Dex: 12    Spells: 12/19 levels left

rFire    x . .     SeeInvis .   m - +1 dagger
rCold    + . .     Gourm    .   (no shield)
rNeg     + + +     Faith    .   a - +0 robe
rPois    ∞         Spirit   .   (no helmet)
rElec    .         Reflect  .   l - +0 cloak
rCorr    .         Harm     .   c - +0 pair of gloves
MR       +....                  (no boots)
Stlth    ++........             (no amulet)
HPRegen  0.17/turn              i - ring of wizardry
MPRegen  0.15/turn              e - +2 ring of intelligence

@: no status effects
A: no food or potions, fire vulnerability, cold resistance 1, negative energy
resistance 3, torment resistance, unbreathing
a: Curse Item, Renounce Religion


You were on level 6 of the Dungeon.
You worshipped Ashenzari.
Ashenzari was noncommittal.
You were not hungry.

You visited 2 branches of the dungeon, and saw 7 of its levels.

You collected 232 gold pieces.

Inventory:

Hand Weapons
 m - a +1 dagger (weapon)
Armour
 a - a +0 robe (worn)
 b - a +0 leather armour
 c - a +0 pair of gloves (worn)
 h - a +0 kite shield
 l - a +0 cloak (worn)
Jewellery
 e - a +2 ring of intelligence (right hand)
 i - a ring of wizardry (left hand)
 s - an uncursed ring of resist corrosion
Wands
 q - a wand of flame (15)
 r - a wand of iceblast (8)
Scrolls
 d - 4 scrolls of identify
 g - 2 scrolls of amnesia
 j - 3 scrolls of remove curse
 k - a scroll of enchant armour


   Skills:
 - Level 1.7 Dodging
 - Level 1.8 Stealth
 + Level 3.4 Shields
 + Level 6.0 Spellcasting
 * Level 6.6 Conjurations
 + Level 0.8 Translocations


You had 12 spell levels left.
You knew the following spells:

 Your Spells              Type           Power        Failure   Level  Hunger
a - Magic Dart            Conj           ####         1%          1    N/A
b - Searing Ray           Conj           ####..       1%          2    N/A
c - Iskenderun's Mystic   Conj/Tloc      ###.....     11%         4    N/A

Your spell library contained the following spells:

 Spells                   Type           Power        Failure   Level  Hunger
 Dazzling Flash           Conj/Hex       ###...       3%          3    N/A
 Fulminant Prism          Conj/Hex       ###.......   12%         4    N/A

Dungeon Overview and Level Annotations

Branches:
Dungeon (6/15)             Temple (1/1) D:4

Altars:
Ashenzari
Cheibriados
Dithmenos
Elyvilon
Fedhas
Gozag
Hepliaklqana
Kikubaaqudgha
Makhleb
Nemelex Xobeh
Okawaru
Qazlal
Ru
Trog
Uskayaw
Vehumet
Wu Jian
Xom
Yredelemnul
Zin
The Shining One

Shops:
D:4 %

Annotations:
D:1 exclusion: 2 downstairs
D:4 Grinder, Sigmund
D:6 Prince Ribbit


Innate Abilities, Weirdness & Mutations

You do not eat or drink.
Your flesh is vulnerable to fire.
You are immune to poison.
Your flesh is cold resistant. (rC+)
You are immune to negative energy. (rN+++)
You are immune to unholy pain and torment.
You can survive without breathing.


Message History

Prince Ribbit misses you. Prince Ribbit closely misses you.
Prince Ribbit blinks!
Prince Ribbit blinks!
Prince Ribbit hits you! Prince Ribbit hits you.
There is a stone staircase leading up here.
You miss Prince Ribbit. Prince Ribbit hits you!
* * * LOW HITPOINT WARNING * * *
You barely miss Prince Ribbit. Prince Ribbit closely misses you.
Casting: Searing Ray (safe; 1% risk of failure)
Confirm with . or Enter, or press ? or * to list all spells.
Aiming: Searing Ray (safe; 1% risk of failure)
Press: ? - help, Shift-Dir - straight line, f - Prince Ribbit
Aim: Prince Ribbit The searing ray hits Prince Ribbit!
Prince Ribbit is moderately wounded. (Press . to maintain the ray.) Prince Ribbit hits you!
You die...

*#.....#...#### ###..
#............####....
#................##..
#................#...
*#..............>#...
#..............#....
#..............#.(..
#..F#..........#.... #######
#..@###......##.....
##.....####...###..######.....
#........###..##..## #......
#........# #.....## ##.....#
####........# #....##
##.....## #..#........###....#
#.....## ##......^....##)..##
##.....# #...........##..##
#.....## ##..........##..#
##.....#


You could see Prince Ribbit.

Vanquished Creatures
  A water moccasin (D:6)
  A phantom (D:6)
  An ice beast (D:5)
  A sky beast (D:5)
  An ogre (D:4)
  A centaur (D:6)
  Blork the orc (D:4)
  A scorpion (D:5)
  A howler monkey (D:4)
  2 hounds (D:4)
  2 orc priests (D:3)
  A centaur skeleton (D:4)
  Crazy Yiuf (D:5)
  3 worker ants (D:4)
  A hound skeleton (D:4)
  5 adders
  A shadow imp (D:5)
  3 oozes
  An adder skeleton (D:4)
  4 worms
  2 dart slugs (D:1)
  2 leopard geckos
  11 orcs
  3 giant cockroaches
  5 goblins
  7 hobgoblins
  4 jackals (D:3)
  2 kobolds (D:3)
  A quokka (D:2)
  6 bats
  6 frilled lizards
  A jackal skeleton (D:4)
  A leopard gecko skeleton (D:5)
  A quokka skeleton (D:5)
  10 rats
95 creatures vanquished.

Notes
Turn   | Place    | Note
-------+----------+-------------------------------------------
     0 | D:1      | Eurus the Mummy Conjurer began the quest for the Orb.
     0 | D:1      | Reached XP level 1. HP: 13/13 MP: 4/4
   358 | D:1      | Reached XP level 2. HP: 16/19 MP: 5/5
   398 | D:1      | Learned a level 2 spell: Searing Ray
  1284 | D:2      | Reached XP level 3. HP: 24/24 MP: 3/7
  2529 | D:2      | Reached XP level 4. HP: 22/30 MP: 5/8
  2764 | D:3      | Reached skill level 1 in Shields
  2935 | D:3      | Reached XP level 5. HP: 35/35 MP: 7/10
  3468 | D:4      | Noticed Blork the orc
  3480 | D:4      | Killed Blork the orc
  3633 | D:4      | Found a staircase to the Ecumenical Temple.
  3721 | D:4      | Reached skill level 5 in Conjurations
  3721 | D:4      | Reached XP level 6. HP: 35/41 MP: 3/12
  3976 | Temple   | Entered the Ecumenical Temple
  4063 | Temple   | Became a worshipper of Ashenzari the Shackled
  4247 | D:4      | Noticed Grinder
  4311 | D:4      | Noticed Sigmund
  4590 | D:4      | Found Dorohoc's Food Boutique.
  4682 | D:4      | Reached skill level 5 in Spellcasting
  4682 | D:4      | Reached XP level 7. HP: 28/46 MP: 6/14
  4872 | D:5      | Entered Level 5 of the Dungeon
  5273 | D:5      | Found a runed translucent door.
  5274 | D:5      | Noticed Crazy Yiuf
  5281 | D:5      | Killed Crazy Yiuf
  5923 | D:6      | Noticed Prince Ribbit
  6198 | D:6      | Learned a level 4 spell: Iskenderun's Mystic Blast
  6364 | D:6      | Reached XP level 8. HP: 40/52 MP: 11/16
  6943 | D:6      | Slain by Prince Ribbit

Levels and vault maps discovered:
D:1:      sevenhm_arrival_forest_fort_small_6, layout_basic
D:2:      layout_basic, first_ration
D:3:      layout_rooms
D:4:      layout_basic, minmay_temple_entry_statues, serial_shops, shop,
          uniq_blork_the_orc, uniq_grinder, uniq_sigmund
D:5:      layout_basic, uniq_crazy_yiuf_cottage
D:6:      layout_cave_pods, uniq_prince_ribbit1
Temple:   grunt_wide_crystal_templ

Skill      XL: |  1  2  3  4  5  6  7  8 |
---------------+-------------------------+-----
Spellcasting   | 3 4 5 6 |  6.0
Conjurations   | 4 5 6 |  6.6
Shields        | 1 2 3 |  3.4
Dodging        | |  1.7
Stealth        | |  1.8
Translocations | |  0.8

Action                   |  1- 3 |  4- 6 |  7- 9 || total
-------------------------+-------+-------+-------++-------
Melee: Club              |    38 |       |       ||    38
       Dagger            |     1 |    35 |     7 ||    43
 Cast: Magic Dart        |    54 |    31 |     4 ||    89
       Searing Ray       |     5 |    20 |    22 ||    47
  Use: Scroll            |       |       |     7 ||     7
 Stab: Sleeping          |     2 |       |       ||     2
Armor: Robe              |    18 |    16 |    10 ||    44
Dodge: Dodged            |    43 |    37 |    28 ||   108

Table legend:
 A = Non-vault XP
 B = Vault XP
 C = Vault XP percentage of total XP
 D = Non-vault monster count
 E = Vault monster count
 F = Vault count percentage of total count
                 A         B        C        D         E       F
            +---------+---------+-------+---------+---------+-------
      Total |    1463 |     134 |   8.4 |      93 |       2 |   2.1
            +---------+---------+-------+---------+---------+-------
        D:1 |      34 |       0 |   0.0 |      16 |       0 |   0.0
        D:2 |      72 |       0 |   0.0 |      22 |       0 |   0.0
        D:3 |     120 |       0 |   0.0 |      17 |       0 |   0.0
        D:4 |     484 |      94 |  16.3 |      24 |       1 |   4.0
        D:5 |     360 |      40 |  10.0 |      11 |       1 |   8.3
        D:6 |     393 |       0 |   0.0 |       3 |       0 |   0.0
            +---------+---------+-------+---------+---------+-------
